 Dungeon Crawl Stone Soup version 0.30-a0-586-g23e55c9e0a (webtiles) character file.

Game seed: 3184061245797484443

623 Crownlay the Ducker (level 7, -1/53 HPs)
             Began as a Gnoll Wanderer on Jan 2, 2023.
             Was an Initiate of Cheibriados.
             Slain by an iguana (6 damage)
             ... on level 5 of the Dungeon on Jan 3, 2023.
             The game lasted 00:06:03 (3685 turns).

Crownlay the Ducker (Gnoll Wanderer)                Turns: 3685, Time: 00:06:04

Health: -1/53      AC:  3    Str: 13    XL:     7   Next: 47%
Magic:  15/15      EV: 14    Int: 14    God:    Cheibriados [......]
Gold:   258        SH:  0    Dex: 12    Spells: 16/17 levels left

rFire   . . .      SeeInvis .    a - +0 mace
rCold   . . .      Faith    .    (no shield)
rNeg    . . .      Spirit   .    d - +0 leather armour
rPois   .          Reflect  .    (helmet currently unavailable)
rElec   .          Harm     .    (no cloak)
rCorr   .          Rampage  .    (no gloves)
Will    .....                    (boots currently unavailable)
Stlth   ++                       (no amulet)
HPRegen 0.28/turn                (no ring)
MPRegen 0.14/turn                (no ring)

@: appendages, flying, very slow
A: horns 2, talons 2, fangs 1, strong nose, distributed training
a: End Transformation, Renounce Religion


You were on level 5 of the Dungeon.
You worshipped Cheibriados.
Cheibriados was noncommittal.
You had temporarily grown beastly horns and talons.
You visited 2 branches of the dungeon, and saw 6 of its levels.

You collected 258 gold pieces.

Inventory:

Hand Weapons
 a - a +0 mace (weapon)
Armour
 b - a +0 pair of boots
 d - a +0 leather armour (worn)
 u - a +0 pair of boots (melded)
Jewellery
 v - an amulet of reflection
Scrolls
 e - 4 scrolls of teleportation
 f - a scroll of vulnerability {unknown}
 h - a scroll of enchant armour {unknown}
 i - a scroll of immolation
 r - a scroll of amnesia
Potions
 c - 2 potions of mutation
 j - a potion of curing {unknown}
 k - a potion of ambrosia {unknown}
 m - a potion of attraction {unknown}
 n - a potion of degeneration {unknown}
 o - a potion of lignification {unknown}
 p - a potion of resistance {unknown}
 q - 2 potions of brilliance
 s - a potion of heal wounds {unknown}
 t - 2 potions of might


   Skills:
 + Level 3.7 Fighting
 + Level 2.6 Short Blades
 + Level 2.6 Long Blades
 + Level 2.6 Axes
 + Level 3.7 Maces & Flails
 + Level 2.6 Polearms
 + Level 2.6 Staves
 + Level 2.6 Ranged Weapons
 + Level 2.6 Throwing
 + Level 2.6 Armour
 + Level 7.1 Dodging
 + Level 2.6 Stealth
 + Level 2.6 Shields
 + Level 2.6 Unarmed Combat
 + Level 5.7 Spellcasting
 + Level 2.1 Conjurations
 + Level 2.1 Hexes
 + Level 2.1 Summonings
 + Level 2.1 Necromancy
 + Level 2.1 Translocations
 + Level 4.4 Transmutations
 + Level 2.1 Fire Magic
 + Level 2.1 Ice Magic
 + Level 2.1 Air Magic
 + Level 2.1 Earth Magic
 + Level 2.1 Poison Magic
 + Level 3.9 Invocations
 + Level 2.6 Evocations


You had 16 spell levels left.
You knew the following spells:

 Your Spells              Type           Power      Damage    Failure   Level
a - Beastly Appendage     Tmut           32%        N/A       3%          1

Your spell library contained the following spells:

 Spells                   Type           Power      Damage    Failure   Level
 Call Canine Familiar     Summ           10%        N/A       26%         3
 Portal Projectile        Hex/Tloc       20%        N/A       26%         3
 Ice Form                 Ice/Tmut       13%        N/A       47%         4
 Petrify                  Tmut/Erth      13%        N/A       47%         4
 Leda's Liquefaction      Hex/Erth       5%         N/A       65%         4


Dungeon Overview and Level Annotations

Branches:
Dungeon (5/15)             Temple (1/1) D:5

Altars:
Ashenzari
Cheibriados
Dithmenos
Fedhas
Gozag
Makhleb
Nemelex Xobeh
Okawaru
Ru
Sif Muna
Uskayaw
Vehumet
Xom
Yredelemnul
The Shining One


Innate Abilities, Weirdness & Mutations

You have temporarily grown beastly horns and talons.
You have very sharp teeth.
Your uncanny sense of smell can sniff out nearby items.
Your experience applies equally to all skills.


Message History

The bullfrog zombie hits the withered plant.
You hit the ogre but do no damage. You claw the ogre. You headbutt the ogre!
The ogre is severely wounded.
The bullfrog zombie hits the withered plant.
The ogre barely misses you.
You hit the ogre. Your kick misses the ogre. You headbutt the ogre.
You kill the ogre!
Cheibriados appreciates the change of pace.
The withered plant crumbles away.
You hit the bullfrog zombie. You claw the bullfrog zombie.
You headbutt the bullfrog zombie, but do no damage.
The bullfrog zombie is moderately damaged.
The bullfrog zombie hits you but does no damage.
The adder zombie misses you. The bullfrog zombie closely misses you.
You barely miss the bullfrog zombie. You claw the bullfrog zombie.
Your bite misses the bullfrog zombie.
The bullfrog zombie is moderately damaged.
The bullfrog zombie barely misses you. The adder zombie closely misses you.
The adder zombie misses you. The bullfrog zombie hits you.
You hit the bullfrog zombie. You claw the bullfrog zombie.
You headbutt the bullfrog zombie.
The bullfrog zombie is heavily damaged.
The iguana bites you. The bullfrog zombie misses you.
The adder zombie bites you but does no damage.
The iguana bites you!
* * * LOW HITPOINT WARNING * * *
You hit the bullfrog zombie but do no damage.
You claw the bullfrog zombie.
The bullfrog zombie is heavily damaged.
The bullfrog zombie hits you.
* * * LOW HITPOINT WARNING * * *
The adder zombie bites you but does no damage.
The bullfrog zombie misses you. The iguana misses you.
It was a potion of flight.
You feel very buoyant.
You fly up into the air.
The adder zombie bites you but does no damage.
The bullfrog zombie hits you but does no damage.
The iguana bites you.
You die...

#......# ...(..#
......# .....(##.
#.....((. #........
#......# ....~~~Z.#
##Z...^.# ...~~~~~
#@Z.....# #.Z~~~.P
#.l~~~..# #...~.~
#~~~~~~.# #......
#.~~~...#
#.....########.~~~~.#..
#..................P# .
#....<.........#....#
#..............'....#
#..............#....#


You could see an iguana, an adder zombie and a bullfrog zombie.

Vanquished Creatures
  Grinder (D:3)
  2 ogres
  A howler monkey (D:3)
  A bullfrog zombie (D:5)
  Terence (D:3)
  An orc wizard (D:5)
  2 howler monkey zombies (D:5)
  3 gnolls (D:5)
  2 adders (D:4)
  A white imp (D:5)
  A worm (D:2)
  3 dart slugs
  3 orcs
  A ball python (D:1)
  6 endoplasms
  3 giant cockroaches
  5 goblins
  6 hobgoblins
  9 kobolds
  2 quokkas (D:1)
  5 bats
  2 frilled lizards
  4 rats
65 creatures vanquished.

Vanquished Creatures (others)
  2 withered plants (D:5)
2 creatures vanquished.

Grand Total: 67 creatures vanquished

Notes
Turn   | Place    | Note
-------+----------+-------------------------------------------
     0 | D:1      | Crownlay the Gnoll Wanderer began the quest for the Orb.
     0 | D:1      | Crownlay set off with the following items: a +0 mace, a +0
                  | pair of boots, a potion of mutation, a +0 leather armour;
                  | and the following spell memorised: Beastly Appendage; and
                  | the following spells available to memorise: Ice Form,
                  | Petrify.
     0 | D:1      | Reached XP level 1. HP: 17/17 MP: 6/6
   194 | D:1      | Reached XP level 2. HP: 23/23 MP: 7/7
   316 | D:1      | Found a faded altar of an unknown god.
   340 | D:1      | Reached skill level 5 in Spellcasting
   340 | D:1      | Reached XP level 3. HP: 20/28 MP: 7/9
  1652 | D:3      | Noticed Grinder
  1658 | D:3      | Paralysed by Grinder for 2 turns
  1664 | D:3      | Killed Grinder
  1665 | D:3      | Reached skill level 1 in Short Blades
  1665 | D:3      | Reached skill level 1 in Long Blades
  1665 | D:3      | Reached skill level 1 in Axes
  1665 | D:3      | Reached skill level 1 in Polearms
  1665 | D:3      | Reached skill level 1 in Staves
  1665 | D:3      | Reached skill level 1 in Ranged Weapons
  1665 | D:3      | Reached skill level 1 in Throwing
  1665 | D:3      | Reached skill level 1 in Armour
  1665 | D:3      | Reached skill level 1 in Stealth
  1665 | D:3      | Reached skill level 1 in Shields
  1665 | D:3      | Reached skill level 1 in Unarmed Combat
  1665 | D:3      | Reached skill level 1 in Conjurations
  1665 | D:3      | Reached skill level 1 in Hexes
  1665 | D:3      | Reached skill level 1 in Summonings
  1665 | D:3      | Reached skill level 1 in Necromancy
  1665 | D:3      | Reached skill level 1 in Translocations
  1665 | D:3      | Reached skill level 1 in Fire Magic
  1665 | D:3      | Reached skill level 1 in Ice Magic
  1665 | D:3      | Reached skill level 1 in Air Magic
  1665 | D:3      | Reached skill level 1 in Earth Magic
  1665 | D:3      | Reached skill level 1 in Poison Magic
  1665 | D:3      | Reached skill level 1 in Evocations
  1665 | D:3      | Reached XP level 4. HP: 35/35 MP: 9/11
  1665 | D:3      | Reached XP level 5. HP: 41/41 MP: 9/12
  1665 | D:3      | Reached XP level 6. HP: 47/47 MP: 10/14
  1878 | D:3      | Noticed Terence
  1897 | D:3      | Killed Terence
  3085 | D:5      | Entered Level 5 of the Dungeon
  3117 | D:5      | Found a staircase to the Ecumenical Temple.
  3129 | Temple   | Entered the Ecumenical Temple
  3221 | Temple   | Became a worshipper of Cheibriados the Contemplative
  3243 | D:5      | Upgraded the game from 0.30-a0-585-g93115170b9 to
                  | 0.30-a0-586-g23e55c9e0a
  3316 | D:5      | Reached skill level 7 in Dodging
  3316 | D:5      | Reached XP level 7. HP: 33/52 MP: 13/15
  3685 | D:5      | Slain by an iguana

Illustrated notes

Levels and vault maps discovered:
D:1:      beargit_arrival_greenhouse, layout_basic,
          hellmonk_ecumenical_altar_blasted
D:2:      layout_loops_ring
D:3:      layout_basic, chequers_serial_rivers_small_a,
          chequers_serial_rivers_marsh, nrook_campfire, hex_large, uniq_grinder,
          uniq_terence
D:4:      layout_loops_ring
D:5:      layout_gridville, mainiacjoe_overflow_large_starburst,
          minmay_temple_entry_offerings, serial_undead, serial_undead_e,
          serial_undead_d, serial_undead_a, serial_undead_f, serial_undead_e,
          serial_undead_f, serial_undead_c
Temple:   hellmonk_temple_of_storms

Skill      XL: |  1  2  3  4  5  6  7 |
---------------+----------------------+-----
Spellcasting   | 5 |  5.7
Fighting       | 3 |  3.7
Short Blades   | 1 2 |  2.6
Long Blades    | 1 2 |  2.6
Axes           | 1 2 |  2.6
Maces & Flails | 3 |  3.7
Polearms       | 1 2 |  2.6
Staves         | 1 2 |  2.6
Ranged Weapons | 1 2 |  2.6
Throwing       | 1 2 |  2.6
Armour         | 1 2 |  2.6
Stealth        | 1 2 |  2.6
Shields        | 1 2 |  2.6
Unarmed Combat | 1 2 |  2.6
Conjurations   | 1 2 |  2.1
Hexes          | 1 2 |  2.1
Summonings     | 1 2 |  2.1
Necromancy     | 1 2 |  2.1
Translocations | 1 2 |  2.1
Transmutations | 4 |  4.4
Fire Magic     | 1 2 |  2.1
Ice Magic      | 1 2 |  2.1
Air Magic      | 1 2 |  2.1
Earth Magic    | 1 2 |  2.1
Poison Magic   | 1 2 |  2.1
Invocations    | 3 |  3.9
Evocations     | 1 2 |  2.6
Dodging        | 7 |  7.1

Action                   |  1- 3 |  4- 6 |  7- 9 || total
-------------------------+-------+-------+-------++-------
Melee: Mace              |    93 |    78 |    38 ||   209
       Bite              |     4 |    12 |     4 ||    20
       Kick              |     3 |     8 |    21 ||    32
       Headbutt          |     2 |     2 |     9 ||    13
       Punch             |     1 |     1 |     1 ||     3
Throw: Javelin           |     5 |     4 |     6 ||    15
 Cast: Beastly Appendage |     3 |     7 |     4 ||    14
  Use: Scroll            |     1 |     3 |       ||     4
       Potion            |       |       |     1 ||     1
 Stab: Sleeping          |     2 |     1 |       ||     3
Armor: Leather armour    |    23 |    22 |    11 ||    56
Dodge: Dodged            |    64 |    54 |    35 ||   153

Table legend: (Time is in decaauts)
 A = Elapsed time spent in this place.
 B = Non-inter-level travel time spent in this place.
 C = Inter-level travel time spent in this place.
 D = Time resting spent in this place.
 E = Time spent auto-exploring this place.
 F = Levels seen in this place.
 G = Mean time per level.
                   A        B        C        D        E       F      G
               +--------+--------+--------+--------+--------+-----+--------+
         Total |   3801 |   3626 |    175 |     59 |   2945 |   6 |  633.5 |
       Dungeon |   3686 |   3533 |    153 |     59 |   2868 |   5 |  737.2 |
        Temple |    115 |     94 |     21 |      0 |     77 |   1 |  115.0 |
               +--------+--------+--------+--------+--------+-----+--------+

Top non-repeatable levels by time:
     D:1: 976 daAuts
     D:4: 764 daAuts
     D:3: 725 daAuts
     D:2: 700 daAuts
     D:5: 519 daAuts
  Temple: 115 daAuts
